AoeStats
← 小迟爱吃

Coastal Forest

510452880Analyzed
4v4 RM · 2d ago on Oct 1, 2026· 78m 45s· 8 players
Game mode
Random Map
Map size
Large (8 player)
Population
200
Speed
Normal
Resources
Standard
Victory
Conquest
Starting age
Dark Age
Ending age
Imperial Age
RankedLock teamsTeams togetherTeam positionsShared explorationLock speedFull tech treeHidden civsTurbo modeCheats
Victory
Defeat
🇧🇷 Celts · Brazil
843
+15
🇧🇷 Khmer · Brazil
842
+15
🇧🇷 Bohemians · Brazil
833
+15
🇧🇷 Saxons · Brazil
822
+16
🇨🇳 Mongols · China
855
-16
🇨🇱 Koreans · Chile
830
-16
🇧🇷 Goths · Brazil
803
-15
🇧🇷 Chinese · Brazil
784
-14
Carpeado BR
0:28 Loom
11:23 Feudal Age
12:54 Wheelbarrow
13:05 Horse Collar
13:26 Double-Bit Axe
22:05 Fishing Lines
26:12 Castle Age
24:35 Gold Mining
27:19 Heavy Plow
29:50 Bow Saw
32:35 Imperial Age
32:01 Town Watch
32:40 Hand Cart
32:29 Murder Holes
32:35 Gillnets
34:52 Squires
34:15 Pikeman
36:30 Scale Mail Armor
36:41 Forging
36:22 Fletching
37:55 Conscription
37:36 Perfusion
38:55 Chain Mail Armor
39:16 Iron Casting
38:37 Bodkin Arrow
39:12 Halberdier
42:37 Blast Furnace
41:38 Bracer
41:21 Elite Huskarl
42:41 Anarchy
43:20 Stone Mining
44:53 Caravan
49:34 Crop Rotation
50:07 Two-Man Saw
53:57 Onager
62:52 Chemistry
62:14 Ballistics
70:23 Demolition Ship
Microbio_ubb
7:34 Loom
11:29 Feudal Age
12:49 Wheelbarrow
12:02 Double-Bit Axe
20:43 Castle Age
20:50 Stone Mining
22:51 Horse Collar
28:53 Scale Mail Armor
37:38 Gold Mining
41:03 Hand Cart
43:12 Gold Shaft Mining
42:47 Scale Barding Armor
46:29 Imperial Age
48:25 Chemistry
48:54 Ballistics
50:09 Bow Saw
51:38 Chain Barding Armor
53:10 Stone Shaft Mining
54:13 Two-Man Saw
53:58 Coinage
61:20 Fletching
62:00 Heavy Rocket Cart
63:33 Banking
64:42 Caravan
67:57 Elite Skirmisher
72:24 Forging
小迟爱吃
11:55 Feudal Age
16:01 Castle Age
16:10 Castle Age
14:00 Double-Bit Axe
18:12 Bow Saw
21:07 Loom
22:02 Wheelbarrow
24:09 Padded Archer Armor
27:29 Leather Archer Armor
28:38 Forging
28:36 Gold Mining
29:55 Scale Barding Armor
31:01 Hand Cart
30:40 Horse Collar
32:09 Gold Shaft Mining
32:18 Iron Casting
32:17 Nomads
32:05 Town Watch
36:36 Imperial Age
34:01 Stone Mining
35:39 Stone Shaft Mining
35:14 Husbandry
35:50 Town Patrol
36:29 Bloodlines
37:04 Chain Barding Armor
37:13 Caravan
37:38 Ballistics
36:42 Elite Steppe Lancer
36:51 Elite Mangudai
37:55 Conscription
38:13 Parthian Tactics
38:39 Parthian Tactics
38:41 Drill
39:55 Blast Furnace
38:22 Heavy Camel Rider
38:39 Light Cavalry
39:45 Heavy Plow
40:50 Chemistry
43:10 Siege Engineers
43:39 Coinage
42:36 Capped Ram
43:38 Siege Ram
45:09 Banking
48:27 Onager
49:43 Fletching
49:47 Siege Onager
65:09 Fortified Wall
NoobForever
0:43 Loom
11:20 Feudal Age
11:37 Feudal Age
20:17 Castle Age
25:28 Thumb Ring
29:57 Imperial Age
30:25 Double-Bit Axe
30:22 Horse Collar
30:33 Gold Mining
30:34 Stone Mining
33:53 Wheelbarrow
33:04 Town Watch
33:33 Bow Saw
33:26 Heavy Plow
33:21 Stone Mining
34:18 Caravan
36:03 Two-Man Saw
35:59 Stone Shaft Mining
35:59 Gold Shaft Mining
36:13 Gold Shaft Mining
36:32 Conscription
38:09 Fletching
38:19 Padded Archer Armor
39:22 Ballistics
40:02 Chemistry
38:59 Murder Holes
39:02 Bodkin Arrow
40:16 Hand Cart
40:14 Town Patrol
41:13 Leather Archer Armor
42:30 Fervor
42:40 Sanctity
42:19 Capped Ram
44:06 Bracer
44:36 Ring Archer Armor
45:07 Thumb Ring
44:26 Pikeman
45:07 Squires
44:52 Arson
44:56 Elite Skirmisher
49:35 Theocracy
49:27 Sanctity
54:35 Elite Chu Ko Nu
66:17 Siege Ram
Sardinha
13:00 Feudal Age
16:35 Castle Age
14:22 Horse Collar
14:30 Double-Bit Axe
15:23 Wheelbarrow
21:57 Bow Saw
21:53 Heavy Plow
21:46 Stone Mining
23:16 Gold Mining
28:25 Gold Shaft Mining
28:27 Stone Shaft Mining
31:58 Hand Cart
35:32 Imperial Age
32:50 Loom
32:52 Town Watch
33:32 Caravan
35:24 Murder Holes
35:51 Ballistics
35:42 Fortified Wall
36:19 Elite Ballista Elephant
37:29 Tusk Swords
37:52 Conscription
37:34 Double Crossbow
38:47 Forging
39:38 Chemistry
42:33 Fervor
43:24 Crop Rotation
47:03 Siege Engineers
47:35 Iron Casting
47:01 Padded Archer Armor
46:51 Fletching
47:07 Scale Barding Armor
58:40 Blast Furnace
57:35 Bodkin Arrow
57:55 Leather Archer Armor
58:01 Chain Barding Armor
65:20 Bracer
65:50 Ring Archer Armor
65:56 Plate Barding Armor
65:33 Masonry
66:12 Light Cavalry
67:17 Bloodlines
67:35 Hussar
Mikro
12:05 Feudal Age
16:42 Castle Age
14:29 Double-Bit Axe
14:46 Horse Collar
18:30 Wheelbarrow
18:37 Bow Saw
22:49 Heavy Plow
27:02 Gold Mining
27:06 Stone Mining
27:09 Arson
27:25 Squires
27:13 Gambesons
29:48 Forging
29:38 Scale Mail Armor
29:28 Fletching
31:01 Hand Cart
31:28 Caravan
34:05 Gold Shaft Mining
33:47 Clerical Recruitment
35:15 Iron Casting
34:55 Chain Mail Armor
34:36 Bodkin Arrow
34:57 Loom
34:58 Town Watch
39:23 Imperial Age
36:54 Town Patrol
37:47 Caravan
41:08 Two-Man Saw
40:40 Crop Rotation
39:34 Elite Varangian Guard
39:38 Elite Hearth Troop
40:39 Conscription
40:56 Hoardings
41:52 Guilds
43:00 Masonry
43:02 Fortified Wall
42:58 Siege Engineers
43:15 Ballistics
42:37 Treadmill Crane
42:53 Murder Holes
42:44 Arrowslits
43:40 Plate Mail Armor
43:10 Bracer
44:27 Theocracy
44:18 Illumination
44:09 Block Printing
45:17 Shield Wall
47:05 Architecture
47:36 Chemistry
46:29 Guard Tower
56:07 Redemption
56:30 Sappers
59:51 Sanctity
59:32 Devotion
supameN
14:10 Feudal Age
19:21 Castle Age
18:21 Double-Bit Axe
21:29 Wheelbarrow
20:37 Horse Collar
24:35 Hand Cart
26:36 Heavy Plow
31:04 Bow Saw
36:10 Gold Mining
37:14 Loom
39:23 Gold Shaft Mining
40:36 Caravan
41:08 Coinage
44:01 Imperial Age
41:30 Pikeman
44:06 Heavy Scorpion
48:24 Banking
48:11 Guilds
49:44 Chemistry
49:05 Ballistics
48:51 Siege Engineers
54:43 Capped Ram
56:05 Halberdier
57:35 Stone Mining
60:19 Elite Woad Raider
61:50 Town Watch
62:19 Masonry
62:24 Furor Celtica
65:32 Scale Mail Armor
65:42 Forging
65:38 Scale Barding Armor
65:33 Padded Archer Armor
65:24 Fletching
66:14 Town Patrol
66:11 Arson
66:17 Onager
70:43 Stronghold
71:11 Murder Holes
71:27 Fortified Wall
76:44 Siege Ram
joaovlogs
12:16 Feudal Age
13:17 Double-Bit Axe
18:55 Castle Age
21:15 Squires
22:53 Wheelbarrow
23:38 Fishing Lines
26:43 Bow Saw
28:09 Gillnets
28:04 Pikeman
28:17 Elite Skirmisher
30:17 Hand Cart
33:29 Chemistry
32:33 Horse Collar
36:08 Imperial Age
33:59 Caravan
35:30 Ballistics
36:25 Medium Warships
35:36 Demolition Ship
36:37 Loom
36:37 Town Watch
36:57 Heavy Plow
38:07 Two-Man Saw
38:12 Crossbowman
38:46 Fletching
39:06 Forging
41:31 Town Patrol
42:11 Guilds
42:31 Coinage
43:01 Elite Cannon Galleon
44:11 Houfnice
46:48 Wagenburg Tactics
47:03 Conscription
51:29 Coinage
59:09 Banking
59:38 Masonry
61:19 Heavy Warships
61:29 Bodkin Arrow
61:35 Padded Archer Armor
61:54 Clinker Construction
62:05 Careening
62:01 Siphons
62:59 Bombard Tower
62:30 Guard Tower
62:26 Arrowslits
65:22 Architecture
72:56 Incendiaries
Connection lost

Rejoining the realm…

Still unreachable

The connection could not be restored.

Session expired

The server has moved on; the page needs a fresh start.